 Dungeon Crawl Stone Soup version 0.30-a0-859-gf88a04b62d (webtiles) character file.

Game seed: 12689617886461008909

30 M4edhros the Trooper (level 3, -8/22 (26) HPs)
             Began as an Octopode Chaos Knight on Mar 6, 2023.
             Was a Plaything of Xom.
             Killed from afar by a white imp (11 damage)
             ... with a puff of frost
             ... summoned by Xom
             ... on level 1 of the Dungeon.
             The game lasted 00:01:02 (829 turns).

M4edhros the Trooper (Octopode Chaos Knight)         Turns: 829, Time: 00:01:03

HP:   -8/22 (26)    AC:  1    Str: 11    XL:     3   Next: 18%
MP:   3/3           EV: 14    Int: 14    God:    Xom [*.....]
Gold: 67            SH:  0    Dex: 13    Spells: 2/2 levels left

rFire   . . .      SeeInvis .    a - +0 mace (chaos)
rCold   . . .      Faith    .    (no shield)
rNeg    . . .      Spirit   .    (helmet restricted)
rPois   .          Reflect  .    (no amulet)
rElec   .          Rampage  .    (no ring)
rCorr   .                        (no ring)
Will    .....                    (no ring)
Stlth   ++                       (no ring)
HPRegen 0.23/turn                (no ring)
MPRegen 0.08/turn                (no ring)
                                 (no ring)
                                 (no ring)

@: heavily drained
A: almost no armour, amphibious, 8 rings, camouflage 1, gelatinous body 1,
(nimble swimmer 1), tentacles
a: Renounce Religion


You were on level 1 of the Dungeon.
You worshipped Xom.
You were a special plaything of Xom.
You visited 1 branch of the dungeon, and saw 1 of its levels.

You collected 67 gold pieces.

Inventory:

Hand Weapons
 a - a +0 mace of chaos (weapon)
Missiles
 e - a throwing net
Scrolls
 c - 3 scrolls of identify {unknown}
 d - a scroll of amnesia {unknown}
 f - a scroll of poison {unknown}
Miscellaneous
 b - a piece from Xom's chessboard (15/15) (quivered)


   Skills:
 + Level 3.6 Fighting
 - Level 3.0 Maces & Flails
 + Level 3.1 Dodging


You had 2 spell levels left.
You didn't know any spells.
Your spell library contained the following spells:

 Spells                   Type           Power      Damage    Failure   Level
 Kindle Blastsparks       Fire/Tloc/Air  0%         2d10      65%         3
 Fulminant Prism          Conj/Hex       0%         3d5       96%         4
 Iskenderun's Mystic Bla  Conj/Tloc      0%         2d3       96%         4
 Lee's Rapid Deconstruct  Erth           0%         3d4*      100%        5


Dungeon Overview and Level Annotations

Branches:
Dungeon (1/15)

Altars:


Innate Abilities, Weirdness & Mutations

You cannot wear most types of armour.
You are amphibious.
You can wear up to eight rings at the same time.
Your skin changes colour to match your surroundings (Stealth+).
Your rubbery body absorbs attacks. (AC +1, EV +1)
((You are camouflaged when in or above water. (Stealth+)))
You have tentacles for arms and can constrict up to eight enemies at once.


Message History

There is an open door here.
There is a stone staircase leading down here. "Time to have some fun!"
A hobgoblin is nearby!
You barely miss the hobgoblin. You grab the hobgoblin.
You constrict the hobgoblin, but do no damage.
The hobgoblin closely misses you.
You thump the hobgoblin!
You kill the hobgoblin!
The hobgoblin's corpse disappears in a puff of smoke!
No target in view!
(D) Dungeon
Where to? (Enter - D:1 @ (x,y), ? - help) Xom almost notices you.
Nothing appears to happen...
Ominous!
You start waiting. "Fight to survive, mortal."
You closely miss the white imp. Your grab misses the white imp.
The white imp hits you but does no damage.
You hit the white imp.
The white imp suddenly seems more agile.
Your grab misses the white imp.
The white imp is moderately wounded.
The white imp barely misses you. The white imp hits you.
The white imp freezes you.
You closely miss the white imp. Your grab misses the white imp.
The white imp is moderately wounded.
The white imp hits you. The white imp freezes you. The white imp misses you.
You hit the white imp. Your grab misses the white imp.
Your squeeze misses the white imp.
The white imp is severely wounded.
The white imp laughs crazily.
The white imp gestures at you. The puff of frost hits you!
* * * LOW HITPOINT WARNING * * *
The white imp barely misses you. The white imp gestures at you.
The puff of frost hits you!
Ouch! That really hurt!
You die...

......###### .........[.#
...........#######
...........'..Z.>#
...........#####.#
......###### #.#
################.#
#.......55# #.#######@#
####......##Z#
#.........##.#
#.........##.#
#......รท####.#
#.........##.#
#......Z#.##.##############
#......Z#.................#
#......Z####.###########.##


You could see 2 white imps and a friendly frilled lizard zombie.

Vanquished Creatures
  A dart slug (D:1)
  2 endoplasms (D:1)
  7 hobgoblins (D:1)
  A quokka (D:1)
  2 ball pythons (D:1)
  3 bats (D:1)
  6 frilled lizards (D:1)
  5 rats (D:1)
27 creatures vanquished.

Notes
Turn   | Place    | Note
-------+----------+-------------------------------------------
     0 | D:1      | M4edhros the Octopode Chaos Knight began the quest for the
                  | Orb.
     0 | D:1      | Reached XP level 1. HP: 16/16 MP: 1/1
    79 | D:1      | XOM: silly message
   136 | D:1      | Reached XP level 2. HP: 21/21 MP: 2/2
   404 | D:1      | Reached XP level 3. HP: 26/26 MP: 3/3
   484 | D:1      | XOM: draining
   487 | D:1      | XOM: enchant monster (bad)
   723 | D:1      | XOM: summons 1 hostile shadow creature
   744 | D:1      | XOM: silly message
   825 | D:1      | XOM: summons 2 hostile demons
   829 | D:1      | Killed from afar by a white imp

Illustrated notes

Levels and vault maps discovered:
D:1:      erik_arrival_triangle_small, layout_basic, serial_park_tiny_pond,
          minmay_liquid_box

Skill      XL: |  1  2 |
---------------+-------+-----
Dodging        | 3 |  3.1
Fighting       | |  3.6
Maces & Flails | |  3.0

Action                     || total
---------------------------++-------
  Melee: Mace              ||    44
         Constrict         ||    11
         Tentacles         ||     5
         Punch             ||     1
   Stab: Sleeping          ||     2
 Armour: Skin              ||     6
  Dodge: Dodged            ||    31

Table legend: (Time is in decaauts)
 A = Elapsed time spent in this place.
 B = Non-inter-level travel time spent in this place.
 C = Inter-level travel time spent in this place.
 D = Time resting spent in this place.
 E = Time spent auto-exploring this place.
 F = Levels seen in this place.
 G = Mean time per level.
                   A        B        C        D        E       F      G
               +--------+--------+--------+--------+--------+-----+--------+
         Total |    839 |    788 |     51 |     81 |    547 |   1 |  839.0 |
       Dungeon |    839 |    788 |     51 |     81 |    547 |   1 |  839.0 |
               +--------+--------+--------+--------+--------+-----+--------+

Top non-repeatable levels by time:
     D:1: 839 daAuts
